 Dungeon Crawl Stone Soup version 0.20.0-6-gd3061e9 (webtiles) character file.

84 Inarius the Stinger (level 4, -1/34 HPs)
             Began as a Draconian Venom Mage on May 28, 2017.
             Slain by a killer bee (5 damage)
             ... on level 3 of the Dungeon.
             The game lasted 00:08:03 (3365 turns).

Inarius the Stinger (Draconian Venom Mage)          Turns: 3365, Time: 00:08:05

Health: -1/34      AC:  7    Str: 10    XL:     4   Next: 24%
Magic:  5/7        EV: 12    Int: 16    God:
Gold:   190        SH:  3    Dex: 12    Spells: 4/7 levels left

rFire    + . .     SeeInvis .   h - +0 whip
rCold    + . .     Gourm    .   j - +0 buckler
rNeg     . . .     Faith    .   (armour unavailable)
rPois    .         Spirit   .   (helmet restricted)
rElec    .         Reflect  .   p - scarf {rC+ rF+}
rCorr    .         Harm     .   f - +0 pair of gloves
MR       .....                  o - +0 pair of boots
Stlth    ++........             (no amulet)
Regen    0.2/turn               (no ring)
MPRegen  0.1/turn               (no ring)

@: lethally poisoned (-1 -> -10)
A: unfitting armour, cold-blooded, AC +5
a: no special abilities


You were on level 3 of the Dungeon.
You were not hungry.

You visited 1 branch of the dungeon, and saw 4 of its levels.

You collected 190 gold pieces.

Inventory:

Hand Weapons
 h - a +0 whip (weapon)
Armour
 f - a +0 pair of gloves (worn)
 j - a +0 buckler (worn)
 o - a +0 pair of boots (worn)
 p - a scarf of resistance (worn)
Wands
 u - a wand of random effects (27/48)
Scrolls
 c - 2 scrolls of remove curse {unknown}
 g - a scroll of random uselessness {unknown}
 i - 2 scrolls of blinking {unknown}
 l - a scroll of magic mapping {unknown}
 m - 3 scrolls of fog
 n - a scroll of identify {unknown}
 r - 2 scrolls of enchant weapon {unknown}
 s - a scroll of recharging {unknown}
 t - a scroll of teleportation {unknown}
 v - a scroll of enchant armour {unknown}
Potions
 d - a potion of curing
 e - 2 potions of resistance {unknown}
Books
 a - a Young Poisoner's Handbook

   Spells                             Type                      Level
   a - Sting                          Conjuration/Poison           1
   b - Poisonous Vapours              Poison/Air                   2
   c - Mephitic Cloud                 Conjuration/Poison/Air       3
   d - Olgreb's Toxic Radiance        Poison                       4
   e - Venom Bolt                     Conjuration/Poison           5
Comestibles
 b - 2 bread rations
 k - 3 meat rations
 q - 3 chunks of flesh


   Skills:
 + Level 0.4 Fighting
 + Level 2.1 Dodging
 - Level 1.7 Stealth
 * Level 1.3 Shields
 + Level 2.2 Spellcasting
 * Level 1.8 Conjurations
 * Level 0.8 Air Magic
 * Level 3.9 Poison Magic


You had 4 spell levels left.
You knew the following spells:

 Your Spells              Type           Power        Failure   Level  Hunger
a - Sting                 Conj/Pois      ##..         9%          1    #......
b - Poisonous Vapours     Pois/Air       #.....       16%         2    ###....


Dungeon Overview and Level Annotations

Branches:
Dungeon (4/15)
 Temple: D:4-7

Altars:
Dithmenos


Innate Abilities, Weirdness & Mutations

Your plain brown scales are hard. (AC +5)
You cannot fit into any form of body armour.
You are cold-blooded and may be slowed by cold attacks.


Message History

You climb upwards.
There is a stone staircase leading down here.
Casting: Sting
Confirm with . or Enter, or press ? or * to list all spells.
Aiming: Poisonous Vapours
Press: ? - help, Dir - move target cursor, f - killer bee
Aim: a killer bee Poisonous vapours surround the killer bee!
The killer bee is poisoned.
The killer bee stings you but does no damage.
The killer bee is engulfed in poison gas.
The killer bee looks even sicker.
The killer bee stings you.
* * * LOW HITPOINT WARNING * * *
You closely miss the killer bee.
Your tail-slap misses the killer bee.
The killer bee is lightly wounded.
The killer bee stings you.
* * * LOW HITPOINT WARNING * * *
You are lethally poisoned!
The killer bee poisons you! The killer bee stings you.
You die...

....# #..#...............#
....####..#...............#
..........###.#..§_.......#
....##.#..# #....§........#
....##.#..# ##...§§.......#
....##.#..#
#...#.###.##########
....##.#..#####..#.#
#...........
.................#.#
#..##.#####.
....##.#........@y.#
#..##.# #.
....##.##.#.....##.#
#.....# #.
.##.##.##....##.##.#
#..#### #.
.##.##.##.##.......#
#..########.
..........#####.##.#
#........... .##.#######
#.##.# ##.######### .####
####.# #.# .# ### #.# .#
#.#


You could see a killer bee.

Vanquished Creatures
  2 adders
  A worm (D:2)
  3 leopard geckos
  4 giant cockroaches
  11 goblins
  7 hobgoblins
  4 jackals (D:2)
  2 quokkas
  4 bats
  A frilled lizard (D:3)
  6 kobolds
  9 rats
54 creatures vanquished.

Notes
Turn   | Place    | Note
-------+----------+-------------------------------------------
     0 | D:1      | Inarius the Draconian Venom Mage began the quest for the Orb.
     0 | D:1      | Reached XP level 1. HP: 14/14 MP: 3/3
   312 | D:1      | Reached XP level 2. HP: 17/20 MP: 0/5
   352 | D:1      | Learned a level 2 spell: Poisonous Vapours
  1292 | D:2      | Reached skill level 1 in Shields
  1470 | D:2      | Reached XP level 3. HP: 26/26 MP: 3/6
  2431 | D:3      | Reached XP level 4. HP: 34/34 MP: 0/7
  2708 | D:3      | Found a shadowy altar of Dithmenos.
  3365 | D:3      | Slain by a killer bee

Skill      XL: |  1  2 |
---------------+-------+-----
Dodging        | 2 |  2.1
Shields        | 1 |  1.3
Fighting       | |  0.4
Stealth        | |  1.7
Spellcasting   | |  2.2
Conjurations   | |  1.8
Air Magic      | |  0.8
Poison Magic   | |  3.9

Action                   |  1- 3 |  4- 6 || total
-------------------------+-------+-------++-------
Melee: Whip              |    61 |     6 ||    67
       Unarmed           |     3 |       ||     3
       Tailslap          |     9 |     1 ||    10
 Cast: Sting             |    63 |    14 ||    77
       Poisonous Vapours |     7 |     1 ||     8
  Use: Potion            |       |     2 ||     2
       Scroll            |       |     1 ||     1
  Eat: Chunk             |     6 |     3 ||     9
Armor: Skin              |    33 |     6 ||    39
Dodge: Dodged            |    53 |    15 ||    68
Block: Buckler           |       |     3 ||     3
